 Dungeon Crawl Stone Soup version 0.26.0-10-g1f06aea511 (webtiles) character file.

Game seed: 7651958115844537747

10328 dohliylev the Basher (level 11, -7/68 HPs)
             Began as a Gargoyle Fighter on Jan 17, 2021.
             Was an Elder of the Shining One.
             Killed from afar by Jorgrun (19 damage)
             ... with a blast of rock fragments
             ... on level 1 of the Orcish Mines.
             The game lasted 00:38:02 (11251 turns).

dohliylev the Basher (Gargoyle Fighter)            Turns: 11251, Time: 00:38:03

Health: -7/68      AC: 24    Str: 23    XL:     11   Next: 60%
Magic:  15/15      EV:  8    Int:  9    God:    the Shining One [****..]
Gold:   599        SH: 24    Dex:  9    Spells: 10/10 levels left

rFire    . . .     SeeInvis +   a - +0 flail
rCold    + + .     Faith    .   B - +0 tower shield
rNeg     + + +     Spirit   .   o - +3 scale mail {rC+}
rPois    ∞         Reflect  .   l - +0 helmet
rElec    +         Harm     .   (no cloak)
rCorr    .         Rampage  .   r - +2 pair of gloves
Will     .....                  i - +0 pair of boots
Stlth    ..........             (no amulet)
HPRegen  0.21/turn              w - ring of see invisible
MPRegen  0.14/turn              G - ring of protection from cold

@: divine shield, about to teleport, glowing
A: negative energy resistance 1, electricity resistance, unbreathing,
petrification resistance, miasma immunity, AC +8
a: Renounce Religion, Divine Shield, Cleansing Flame


You were on level 1 of the Orcish Mines.
You worshipped the Shining One.
The Shining One was greatly pleased with you.
You visited 2 branches of the dungeon, and saw 11 of its levels.
You also visited: Sewer.

You collected 599 gold pieces.

Inventory:

Hand Weapons
 a - a +0 flail (weapon)
 x - a +2 hand axe of flaming
Missiles
 c - 4 boomerangs (quivered)
Armour
 e - +0 steam dragon scales
 i - a +0 pair of boots (worn)
 l - a +0 helmet (worn)
 o - a +3 scale mail of cold resistance (worn)
 r - a +2 pair of gloves (worn)
 B - a +0 tower shield (worn)
Jewellery
 w - a ring of see invisible (left hand)
 G - a ring of protection from cold (right hand)
Scrolls
 b - 3 scrolls of teleportation
 f - 4 scrolls of enchant armour
 h - 4 scrolls of remove curse
 k - a scroll of fear
 v - 4 scrolls of fog
 y - a scroll of torment {unknown}
 A - 3 scrolls of blinking
 F - 2 scrolls of enchant weapon
Potions
 d - a potion of might
 g - 5 potions of flight
 m - 2 potions of mutation {unknown}
 n - 2 potions of cancellation {unknown}
 p - 2 potions of brilliance {unknown}
 q - 2 potions of haste {unknown}
 s - 2 potions of magic {unknown}
 t - a potion of heal wounds {unknown}
 u - a potion of lignification {unknown}
 z - a potion of attraction {unknown}
 C - a potion of ambrosia {unknown}
 D - 3 potions of curing
 E - a potion of berserk rage {unknown}


   Skills:
 - Level 8.0 Fighting
 + Level 12.7 Maces & Flails
 - Level 7.0 Armour
 - Level 3.3 Dodging
 - Level 7.4 Shields
 * Level 5.6 Invocations


You had 10 spell levels left.
You didn't know any spells.
Your spell library contained the following spells:

 Spells                   Type           Power        Failure   Level
 Animate Skeleton         Necr           0%           100%        1
 Beastly Appendage        Tmut           0%           100%        1
 Pain                     Necr           0%           100%        1
 Sting                    Tmut/Pois      0%           100%        1
 Poisonous Vapours        Pois/Air       0%           100%        2
 Wereblood                Tmut           0%           100%        2
 Spider Form              Tmut/Pois      0%           100%        3
 Vampiric Draining        Necr           0%           100%        3
 Animate Dead             Necr           0%           100%        4
 Ice Form                 Ice/Tmut       0%           100%        4
 Agony                    Necr           0%           100%        5
 Blade Hands              Tmut           0%           100%        5
 Excruciating Wounds      Necr           0%           100%        5
 Death Channel            Necr           0%           100%        6


Dungeon Overview and Level Annotations

Branches:
Dungeon (10/15)            Temple (0/1) D:6            Lair (0/6) D:9
    Orc (1/2) D:10          Sewer (visited)

Altars:
Ashenzari
Dithmenos
Elyvilon
Fedhas
Gozag
Makhleb
Nemelex Xobeh
Okawaru
Qazlal
Ru
Sif Muna
Wu Jian
The Shining One

Shops:
D:5 ?   D:6 =   D:9 ([

Annotations:
Orc:1 Jorgrun


Innate Abilities, Weirdness & Mutations

You are resistant to torment.
Your stone body is resilient. (AC +8)
You are immune to poison.
You resist negative energy. (rN+)
You are resistant to electric shocks. (rElec)
You can survive without breathing.
You are immune to petrification.
You are immune to miasma.


Message History

Beogh smites you! Jorgrun casts a spell next to you.
Some rock shatters into small pieces.
The orc priest looks satisfied for a moment.
The orc priest invokes the aid of Beogh against you.
Beogh smites you!
The orc suddenly cheers.
Jorgrun gestures next to the orc while chanting.
You hear a grinding noise.
The orc priest invokes the aid of Beogh against you.
Beogh smites you!
* * * LOW HITPOINT WARNING * * *
As you read the scroll of teleportation, it crumbles to dust.
You feel strangely unstable. You block the orc's attack.
Jorgrun gestures at the orc while chanting.
The wall shatters!
The blast of rock fragments hits the orc!!
The orc dies!
The blast of rock fragments hits you!!
You die...

##### .
########.#.##
....###...........#
........o...<$..$.#
$...........o..#@##
.$...#.....og.)...#
............O#.#.##
....).......#.####
..........$###
......#..#.#
..#........ ......
.. ..


You could see Jorgrun, an ogre and an orc priest.

Vanquished Creatures
  Harold (D:10)
  2 two-headed ogres
  Pikel (D:7)
  Maggie (D:6)
  Grinder (D:5)
  Sigmund (D:6)
  7 yaks (D:10)
  The ghost of bomjara the Poker, an amateur MfGl (D:3)
  4 ice beasts
  3 sky beasts
  An eye of draining (D:8)
  10 orc warriors
  2 phantoms
  8 ogres
  2 centaurs
  A lemure (D:7)
  6 big kobolds
  5 bullfrogs
  2 scorpions
  A wyvern skeleton (D:8)
  12 wights
  9 killer bees
  An electric eel (D:10)
  2 howler monkeys (D:8)
  A bullfrog zombie (D:6)
  A centaur zombie (D:7)
  A jelly (D:7)
  A quasit (D:10)
  A hound (D:3)
  10 orc priests
  3 bullfrog skeletons
  A centaur skeleton (D:5)
  11 orc wizards
  Terence (D:2)
  2 iguanas
  8 worker ants
  2 worker ant zombies
  Robin (D:2)
  8 gnolls
  11 adders
  A shadow imp (D:5)
  3 white imps
  An ufetubus (D:7)
  5 oozes
  2 adder zombies
  2 adder skeletons
  9 worms
  3 dart slugs
  5 leopard geckos
  49 orcs
  7 ball pythons
  5 bats
  9 giant cockroaches
  17 goblins
  9 hobgoblins
  14 jackals
  4 quokkas
  7 frilled lizards
  24 kobolds
  A leopard gecko skeleton (D:4)
  5 rats
329 creatures vanquished.

Vanquished Creatures (others)
  An orc (Orc:1)
1 creature vanquished.

Grand Total: 330 creatures vanquished

Notes
Turn   | Place    | Note
-------+----------+-------------------------------------------
     0 | D:1      | dohliylev the Gargoyle Fighter began the quest for the Orb.
     0 | D:1      | Reached XP level 1. HP: 14/14 MP: 1/1
   236 | D:1      | Reached XP level 2. HP: 20/20 MP: 2/2
  1269 | D:2      | Reached XP level 3. HP: 24/24 MP: 3/3
  1270 | D:2      | Found a faded altar of an unknown god.
  1539 | D:2      | Reached skill level 5 in Fighting
  1558 | D:2      | Found a burning altar of Makhleb.
  1625 | D:2      | Found an opulent altar of Gozag.
  1625 | D:2      | Found a stormy altar of Qazlal.
  1626 | D:2      | Noticed Robin
  1664 | D:2      | Reached XP level 4. HP: 22/31 MP: 4/4
  1670 | D:2      | Killed Robin
  1743 | D:2      | Found an ornate altar of the Wu Jian Council.
  1745 | D:2      | Found a sacrificial altar of Ru.
  1747 | D:2      | Found a broken altar of Ashenzari.
  1747 | D:2      | Found a shadowy altar of Dithmenos.
  1747 | D:2      | Found a glowing golden altar of the Shining One.
  1748 | D:2      | Found a white marble altar of Elyvilon.
  1750 | D:2      | Found a sparkling altar of Nemelex Xobeh.
  1751 | D:2      | Found a blossoming altar of Fedhas.
  1752 | D:2      | Found an iron altar of Okawaru.
  1756 | D:2      | Became a worshipper of the Shining One
  1834 | D:2      | Noticed Terence
  1846 | D:2      | Killed Terence
  1991 | D:2      | Reached XP level 5. HP: 36/36 MP: 5/5
  2093 | D:2      | Found a shimmering blue altar of Sif Muna.
  2574 | D:3      | Found a shadowy altar of Dithmenos.
  3136 | D:3      | Found a runed translucent door.
  3136 | D:3      | Noticed bomjara's ghost (amateur MfGl)
  3218 | D:3      | Reached XP level 6. HP: 44/44 MP: 6/6
  3319 | D:4      | Reached * piety under the Shining One
  3868 | D:4      | Reached skill level 3 in Maces & Flails
  3871 | D:4      | Reached XP level 7. HP: 29/48 MP: 7/7
  4143 | D:5      | Entered Level 5 of the Dungeon
  4165 | D:5      | Reached skill level 4 in Maces & Flails
  4242 | D:5      | Noticed Grinder
  4254 | D:5      | Reached skill level 5 in Maces & Flails
  4272 | D:5      | Found a glowing drain.
  4298 | Sewer    | Entered a sewer
  4631 | Sewer    | Reached XP level 8. HP: 54/54 MP: 8/8
  4680 | Sewer    | Reached skill level 6 in Maces & Flails
  4714 | Sewer    | Reached ** piety under the Shining One
  5085 | D:5      | Reached skill level 7 in Maces & Flails
  5517 | D:5      | Paralysed by Grinder for 7 turns
  5532 | D:5      | Killed Grinder
  5533 | D:5      | Reached skill level 8 in Maces & Flails
  5588 | D:3      | Killed bomjara's ghost
  5730 | D:5      | Found Cixt's Magic Scroll Emporium.
  5852 | D:6      | Reached skill level 1 in Dodging
  5852 | D:6      | Reached XP level 9. HP: 56/59 MP: 9/9
  5879 | D:6      | Noticed Sigmund
  5884 | D:6      | Killed Sigmund
  6080 | D:6      | Found Hevaf's Jewellery Boutique.
  6087 | D:6      | Noticed Maggie
  6106 | D:6      | HP: 2/59 [Maggie/bolt of fire (19)]
  6110 | D:6      | Killed Maggie
  6111 | D:6      | Reached skill level 5 in Armour
  6111 | D:6      | Reached skill level 5 in Shields
  6750 | D:6      | Found a staircase to the Ecumenical Temple.
  7100 | D:7      | Reached *** piety under the Shining One
  7192 | D:7      | Noticed Pikel
  7242 | D:7      | Killed Pikel
  7243 | D:7      | Reached XP level 10. HP: 53/64 MP: 10/10
  7370 | D:7      | Reached skill level 1 in Invocations
  7774 | D:8      | Got a pitted trident
  7775 | D:8      | Identified the +6 trident of Terror {drain, Dex+4} (You
                  | found it on level 8 of the Dungeon)
  7824 | D:8      | Reached skill level 9 in Maces & Flails
  7955 | D:8      | Reached **** piety under the Shining One
  8045 | D:8      | Noticed a two-headed ogre
  8057 | D:8      | Killed a two-headed ogre
  8058 | D:8      | Reached skill level 10 in Maces & Flails
  8062 | D:8      | Identified the Catalogue of Vitriolic Evil
  8551 | D:9      | Found a blossoming altar of Fedhas.
  8889 | D:9      | Found Dousodgh's Antique Weapon Shoppe.
  8895 | D:9      | Found a staircase to the Lair.
  9036 | D:9      | Found Saerawk's Armour Emporium.
  9106 | D:9      | Noticed a two-headed ogre
  9122 | D:9      | Killed a two-headed ogre
  9123 | D:9      | Reached skill level 11 in Maces & Flails
  9123 | D:9      | Reached XP level 11. HP: 31/68 MP: 10/14
  9911 | D:10     | Entered Level 10 of the Dungeon
 10338 | D:10     | Reached skill level 5 in Invocations
 10421 | D:10     | Reached skill level 12 in Maces & Flails
 10636 | D:10     | Noticed Harold
 10650 | D:10     | Killed Harold
 11168 | D:10     | Found a staircase to the Orcish Mines.
 11227 | Orc:1    | Entered Level 1 of the Orcish Mines
 11234 | Orc:1    | Noticed Jorgrun
 11251 | Orc:1    | Killed from afar by Jorgrun

Illustrated notes

Levels and vault maps discovered:
D:1:      minmay_arrival_jagged, layout_basic, minmay_misc_feat_roman
D:2:      layout_loops_cross, overflow_temple_1_default, minitemple,
          marbit_many_paths, serial_rivers, chequers_serial_rivers_marsh,
          chequers_serial_rivers_micro_e, chequers_serial_rivers_marsh,
          chequers_serial_rivers_room_a, chequers_serial_rivers_micro_b,
          chequers_ecumenical_altar_simple, uniq_robin, uniq_terence
D:3:      layout_basic, ebering_ghost_reflecting_pool, minmay_tree_intersection,
          grunt_dithmenos_smoke_and_mirrors
D:4:      layout_cave_pools
D:5:      layout_basic, serial_shops, shop_fountains,
          cheibrodos_sewer_entry_drain, eino_small_chamber_without_monster,
          ebering_dispersal_statue_hall, uniq_grinder
D:6:      layout_basic, minmay_temple_entry_fiery, serial_shops,
          nicolae_shop_waterfront, uniq_maggie, uniq_sigmund
D:7:      layout_basic, uniq_pikel
D:8:      layout_rooms
D:9:      layout_layer_cave, lair_entry_dummy, serial_shops, nicolae_shop_stone,
          nicolae_shop_trees, fedhas_altar_2
D:10:     layout_long_grid, erik_orc_2, uniq_harold
Orc:1:    layout_caves, enter_bailey_2, nicolae_volcano_entry_batcave,
          uniq_jorgrun

Skill      XL: |  1  2  3  4  5  6  7  8  9 10 11 |
---------------+----------------------------------+-----
Fighting       | 4 5 6 7 8 |  8.0
Maces & Flails | 3 5 8 11 12 | 12.7
Dodging        | 1 3 |  3.3
Shields        | 4 7 |  7.4
Armour         | 7 |  7.0
Invocations    | 4 5 |  5.6

Action                   |  1- 3 |  4- 6 |  7- 9 | 10-12 || total
-------------------------+-------+-------+-------+-------++-------
Melee: Flail             |   137 |   216 |   368 |   605 ||  1326
Throw: Boomerang         |       |       |       |     5 ||     5
Invok: Divine Shield     |       |       |       |     6 ||     6
  Use: Scroll            |       |       |    10 |     6 ||    16
       Potion            |       |       |     7 |     1 ||     8
Armor: Scale mail        |    61 |   124 |   152 |   193 ||   530
Dodge: Dodged            |    33 |    76 |    89 |   155 ||   353
Block: Kite shield       |    67 |   121 |   142 |   272 ||   602
       Tower shield      |       |       |       |    72 ||    72
